 Dungeon Crawl Stone Soup version 0.22-a0-305-gd21a89c (webtiles) character file.

1577 xccam the Blocker (level 9, -4/67 HPs)
             Began as a Formicid Fighter on Mar 31, 2018.
             Slain by a two-headed ogre
             ... wielding a +0 giant club
              (25 damage)
             ... on level 8 of the Dungeon.
             The game lasted 00:17:10 (5582 turns).

xccam the Blocker (Formicid Fighter)                Turns: 5582, Time: 00:17:10

Health: -4/67      AC: 10    Str: 23    XL:     9   Next: 14%
Magic:  9/9        EV:  9    Int:  8    God:
Gold:   337        SH: 11    Dex: 11    Spells: 8/8 levels left

rFire    . . .     SeeInvis +   d - +1 whip (freeze)
rCold    . . .     Gourm    .   c - +0 shield
rNeg     . . .     Faith    .   b - +0 scale mail
rPois    +         Spirit   .   (helmet unavailable)
rElec    .         Reflect  .   e - +0 cloak
rCorr    .         Harm     .   (no gloves)
MR       .....                  o - +1 pair of boots
Stlth    ..........             (no amulet)
HPRegen  0.21/turn              i - ring of poison resistance
MPRegen  0.11/turn              (no ring)

@: no status effects
A: permanent stasis, dig shafts and tunnels, four strong arms, antennae 3
a: Dig, Shaft Self


You were on level 8 of the Dungeon.
You were very hungry.

You visited 1 branch of the dungeon, and saw 6 of its levels.

You collected 337 gold pieces.

Inventory:

Hand Weapons
 a - a +0 flail
 d - a +1 whip of freezing (weapon)
Armour
 b - a +0 scale mail (worn)
 c - a +0 shield (worn)
 e - a +0 cloak (worn)
 o - a +1 pair of boots (worn)
Jewellery
 i - a ring of poison resistance (left hand)
Wands
 s - a wand of flame (11)
 v - a wand of iceblast (10)
 y - a wand of polymorph (8)
Scrolls
 h - 2 scrolls of remove curse {unknown}
 j - 2 scrolls of fog {unknown}
 k - 3 scrolls of enchant weapon {unknown}
 m - a scroll of immolation {unknown}
 n - 3 scrolls of fear {unknown}
 q - a scroll of amnesia {unknown}
 t - 2 scrolls of enchant armour {unknown}
 w - 2 scrolls of magic mapping {unknown}
Potions
 g - a potion of ambrosia
 l - a potion of heal wounds
 p - a potion of brilliance
 r - 2 potions of curing
 u - 2 potions of cancellation
 A - a potion of invisibility
Comestibles
 f - 10 rations


   Skills:
 + Level 4.8 Fighting
 - Level 8.0 Maces & Flails
 - Level 3.2 Armour
 - Level 9.1 Shields


You had 8 spell levels left.
You didn't know any spells.

Dungeon Overview and Level Annotations

Branches:
Dungeon (5/15)
 Temple: D:4-7

Altars:
Ashenzari
Fedhas
Kikubaaqudgha
Okawaru
Qazlal
Ru
Sif Muna
Xom

Annotations:
D:4 Eustachio


Innate Abilities, Weirdness & Mutations

You cannot be hasted, slowed, berserked, paralysed or teleported.
You can dig through walls and to a lower floor.
Your four strong arms can wield two-handed weapons with a shield.
You have a pair of large antennae on your head. (SInv)


Message History

You hit the two-headed ogre but do no damage.
The two-headed ogre is heavily wounded.
You hit the two-headed ogre. You freeze the two-headed ogre.
The two-headed ogre is severely wounded.
The two-headed ogre barely misses you.
The two-headed ogre hits you with a giant club!!
* * * LOW HITPOINT WARNING * * *
You feel much better.
The two-headed ogre hits you with a giant club.
The two-headed ogre hits you with a giant club!
You feel much better.
The two-headed ogre hits you with a giant club!!
* * * LOW HITPOINT WARNING * * *
The two-headed ogre closely misses you.
You feel much better.
You hit the two-headed ogre. You freeze the two-headed ogre.
The two-headed ogre is severely wounded.
The two-headed ogre hits you with a giant club!
The two-headed ogre hits you with a giant club!!
You die...

##..)..##
##.......##
#.........#
+.........+
#.........#
##.......##
##.....##
##...#####
##.O@...#
#.####.#
#...O.....
#..####.#.
.... #....
##...#
#!.## #...


You could see a two-headed ogre.

Vanquished Creatures
  Pikel (D:5)
  Menkaure (D:5)
  Duvessa (D:5)
  A sky beast (D:8)
  A slave (D:5)
  A wyvern zombie (D:8)
  Dowan (D:5)
  2 scorpions
  A howler monkey (D:2)
  A hound (D:4)
  Crazy Yiuf (D:5)
  An orc priest (D:4)
  An orc wizard (D:4)
  Ijyb (D:4)
  2 iguanas
  2 worker ants
  Natasha (thrice) (D:3)
  A hound zombie (D:5)
  Robin (D:2)
  11 adders
  A shadow imp (D:5)
  An adder skeleton (D:5)
  2 worms
  A dart slug (D:2)
  A leopard gecko (D:1)
  12 orcs
  7 giant cockroaches
  13 goblins
  11 hobgoblins
  3 jackals (D:5)
  3 quokkas
  A ball python (D:1)
  5 bats
  8 frilled lizards
  A jackal skeleton (D:4)
  A jackal zombie (D:5)
  5 kobolds
  7 rats
118 creatures vanquished.

Notes
Turn   | Place    | Note
-------+----------+-------------------------------------------
     0 | D:1      | xccam the Formicid Fighter began the quest for the Orb.
     0 | D:1      | Reached XP level 1. HP: 18/18 MP: 1/1
   126 | D:1      | Reached XP level 2. HP: 18/24 MP: 2/2
   647 | D:2      | Noticed Robin
   676 | D:2      | Reached XP level 3. HP: 29/29 MP: 3/3
   752 | D:2      | Killed Robin
   815 | D:2      | Found an ancient bone altar of Kikubaaqudgha.
   868 | D:2      | Reached XP level 4. HP: 35/35 MP: 4/4
  1366 | D:2      | Reached skill level 5 in Maces & Flails
  1366 | D:2      | Reached XP level 5. HP: 34/41 MP: 5/5
  1412 | D:2      | Found a deep blue altar of Sif Muna.
  1549 | D:2      | Found an iron altar of Okawaru.
  1970 | D:3      | Noticed Natasha
  1988 | D:3      | Killed Natasha
  1988 | D:3      | Reached XP level 6. HP: 32/47 MP: 6/6
  2097 | D:3      | Found a stormy altar of Qazlal.
  2125 | D:3      | Noticed Natasha
  2142 | D:3      | Killed Natasha
  2520 | D:3      | Noticed Natasha
  2527 | D:3      | Killed Natasha
  3070 | D:4      | Reached XP level 7. HP: 40/52 MP: 7/7
  3221 | D:4      | Found a blossoming altar of Fedhas.
  3234 | D:4      | Noticed Eustachio
  3614 | D:4      | Noticed Ijyb
  3623 | D:4      | Killed Ijyb
  4207 | D:5      | Entered Level 5 of the Dungeon
  4375 | D:5      | Found a sacrificial altar of Ru.
  4393 | D:5      | Found a shattered altar of Ashenzari.
  4404 | D:5      | Noticed Menkaure
  4414 | D:5      | Killed Menkaure
  4414 | D:5      | Reached skill level 4 in Shields
  4414 | D:5      | Reached XP level 8. HP: 49/58 MP: 8/8
  4416 | D:5      | Reached skill level 5 in Shields
  4431 | D:5      | Noticed Pikel
  4446 | D:5      | Killed Pikel
  4446 | D:5      | Reached skill level 8 in Shields
  4672 | D:5      | Noticed Duvessa
  4678 | D:5      | Noticed Dowan
  4726 | D:5      | Killed Duvessa
  4747 | D:5      | Killed Dowan
  4747 | D:5      | Reached skill level 9 in Shields
  4747 | D:5      | Reached XP level 9. HP: 31/64 MP: 9/9
  5055 | D:5      | Found a shimmering altar of Xom.
  5254 | D:5      | Found a runed door.
  5258 | D:5      | Noticed Crazy Yiuf
  5265 | D:5      | Killed Crazy Yiuf
  5336 | D:5      | You fall through a shaft for 3 floors!
  5566 | D:8      | Noticed a two-headed ogre
  5582 | D:8      | Slain by a two-headed ogre

Vault maps used:
D:1:      scummos_arrival_checkerplants
D:2:      led_sif_pool, overflow_temple_1_default, okawaru_ov_weapons_minmay,
          uniq_robin
D:3:      lemuel_coloured_pillars_altar, uniq_natasha
D:4:      first_ration, fedhas_altar_3, uniq_ijyb, uniq_eustachio
D:5:      lemuel_doored_altar, overflow_temple_1_default, kennysheep_mini_moat,
          uniq_duvessa, uniq_pikel, uniq_crazy_yiuf_cottage, uniq_menkaure
D:8:      nicolae_overflow_hidden_temple, nicolae_overflow_crystal_walls,
          uniq_maurice

Skill      XL: |  1  2  3  4  5  6  7  8  9 |
---------------+----------------------------+-----
Maces & Flails | 3 4 5 6 8 |  8.0
Shields        | 4 9 |  9.1
Fighting       | 4 |  4.8
Armour         | |  3.2

Action                   |  1- 3 |  4- 6 |  7- 9 || total
-------------------------+-------+-------+-------++-------
Melee: Flail             |    97 |   178 |   136 ||   411
       Unarmed           |       |       |     1 ||     1
       Whip              |       |       |   110 ||   110
Evoke: Wand              |       |       |     2 ||     2
  Use: Potion            |       |     2 |     5 ||     7
       Scroll            |       |       |    10 ||    10
  Eat: Chunk             |       |     7 |     4 ||    11
       Ration            |       |       |     1 ||     1
Armor: Scale mail        |    45 |    71 |    81 ||   197
       Skin              |       |     1 |    11 ||    12
Dodge: Dodged            |    33 |    60 |    62 ||   155
Block: Shield            |    60 |    96 |   119 ||   275

Table legend:
 A = Spawn XP
 B = Non-spawn XP
 C = Spawn XP percentage of total XP
 D = Spawn monster count
 E = Non-spawn monster count
 F = Spawn count percentage of total count
 G = Total turns spent on level
                    A         B        C        D         E        F      G
               +---------+---------+-------+---------+---------+-------+---------
         Total |       0 |    2253 |   0.0 |       0 |     117 |   0.0 |  5582
               +---------+---------+-------+---------+---------+-------+---------
           D:1 |       0 |      21 |   0.0 |       0 |      13 |   0.0 |   590
           D:2 |       0 |     203 |   0.0 |       0 |      31 |   0.0 |  1308
           D:3 |       0 |     182 |   0.0 |       0 |      27 |   0.0 |   914
           D:4 |       0 |     411 |   0.0 |       0 |      26 |   0.0 |  1555
           D:5 |       0 |    1210 |   0.0 |       0 |      16 |   0.0 |   969
           D:8 |       0 |     226 |   0.0 |       0 |       4 |   0.0 |   246
               +---------+---------+-------+---------+---------+-------+---------
